 Dungeon Crawl Stone Soup version 0.17.0-28-g6e173f8 (webtiles) character file.

249 gorblad the Grave Robber (level 5, 0/35 HPs)
             Began as a Mummy Necromancer on Dec 3, 2015.
             Slain by an ogre
             ... wielding a +0 giant club
              (27 damage)
             ... on level 4 of the Dungeon.
             The game lasted 00:19:28 (5291 turns).

gorblad the Grave Robber (Mummy Necromancer)        Turns: 5291, Time: 00:19:28

Health: 0/35       AC:  4    Str: 12    XL:     5   Next: 87%
Magic:  6/11       EV: 12    Int: 15    God:
Gold:   137        SH:  0    Dex: 12    Spells: 4 memorised, 3 levels left

rFire  x . .     SeeInvis .     c - +2 short sword (vamp)
rCold  + . .     Clarity  .     a - +0 robe
rNeg   + + +     SustAt   .     (no shield)
rPois  ∞         Gourm    .     (no helmet)
rElec  .         Spirit   .     g - +0 cloak
rCorr  .         Warding  .     e - +0 pair of gloves
rMut   .         Stasis   .     (no boots)
MR     .....                    (no amulet)
Stlth  ++........               (no ring)
                                (no ring)

@: not resistant to hostile enchantments, unstealthy
A: no food or potions, fire vulnerability, cold resistance 1, negative energy
resistance 3, torment resistance, unbreathing
a: no special abilities


You were on level 4 of the Dungeon.
You were not hungry.

You visited 1 branch of the dungeon, and saw 4 of its levels.

You collected 137 gold pieces.

Inventory:

Hand Weapons
 c - a +2 vampiric short sword (weapon)
 h - a +1 dagger of venom
 j - a cursed -2 falchion
Armour
 a - a +0 robe (worn)
 e - a +0 pair of gloves (worn)
 g - a +0 cloak (worn)
Jewellery
 k - a cursed ring of invisibility {unknown}
Scrolls
 d - 3 scrolls of identify
 f - a scroll of amnesia
 i - a scroll of recharging
Books
 b - a book of Necromancy

   Spells                             Type                      Level
   a - Pain                           Necromancy                   1
   b - Animate Skeleton               Necromancy                   1
   c - Vampiric Draining              Necromancy                   3
   d - Regeneration                   Charms/Necromancy            3
   e - Animate Dead                   Necromancy                   4
   f - Control Undead                 Necromancy                   4


   Skills:
 - Level 1.5 Dodging
 - Level 1.5 Stealth
 + Level 4.0 Spellcasting
 - Level 6.0 Necromancy


You had 3 spell levels left.
You knew the following spells:

 Your Spells              Type           Power        Failure   Level  Hunger
a - Pain                  Necr           ###.         1%          1    N/A
b - Animate Skeleton      Necr           N/A          1%          1    N/A
c - Vampiric Draining     Necr           ###.......   4%          3    N/A
d - Animate Dead          Necr           N/A          17%         4    N/A

Dungeon Overview and Level Annotations

Branches:
Dungeon (4/15)
 Temple: D:4-7

Altars:
Okawaru


Innate Abilities, Weirdness & Mutations

You do not eat or drink.
Your flesh is vulnerable to fire.
You are immune to poison.
Your flesh is cold resistant.
You are immune to negative energy.
You are immune to unholy pain and torment.
You can survive without breathing.


Message History

Confirm with . or Enter, or press ? or * to list all spells.
Aiming: Pain
Press: ? - help, Shift-Dir - straight line, f/p - ogre
Aim: an ogre, wielding a giant club (moderately wounded, chance to defeat MR: 80%)
The ogre convulses in agony!
The ogre hits you with a giant club!
Casting: Pain
Confirm with . or Enter, or press ? or * to list all spells.
Aiming: Pain
Press: ? - help, Shift-Dir - straight line, f/p - ogre
Aim: an ogre, wielding a giant club (heavily wounded, chance to defeat MR: 80%)
The ogre barely resists.
Casting: Pain
Confirm with . or Enter, or press ? or * to list all spells.
Aiming: Pain
Press: ? - help, Shift-Dir - straight line, f/p - ogre
Aim: an ogre, wielding a giant club (heavily wounded, chance to defeat MR: 80%)
The ogre barely resists.
The adder barely misses you. The ogre hits you with a giant club!!
Ouch! That really hurt!
You die...

# ##......[## ##.##
##.....## ###.#
##...#### #.... ##'###..
....## #.# #.# #.#.#
#### ###.# #.# #.#..
...# #...###.###.# #
##.# #..!......†.#.#..#P
#.# #.....#.##S@O......
##.####...##...........P
.........######.......#.
##.####..# #########
##.# ##.# [..# #.# ####
#.# #.# ########.#


You could see an ogre and an adder.

Vanquished Creatures
  An orc wizard (D:4)
  An iguana (D:4)
  A worker ant (D:4)
  8 adders
  An ooze (D:2)
  6 worms
  A giant gecko (D:1)
  7 orcs
  A ball python (D:1)
  5 giant cockroaches
  8 hobgoblins
  3 jackals (D:2)
  7 bats
  A giant newt (D:2)
  8 goblins
  10 kobolds
  A quokka (D:4)
  5 rats
75 creatures vanquished.

Vanquished Creatures (collateral kills)
  A giant cockroach (D:1)
1 creature vanquished.

Grand Total: 76 creatures vanquished

Notes
Turn   | Place    | Note
--------------------------------------------------------------
     0 | D:1      | gorblad the Mummy Necromancer began the quest for the Orb.
     0 | D:1      | Reached XP level 1. HP: 13/13 MP: 3/3
   126 | D:1      | Learned a level 1 spell: Animate Skeleton
   709 | D:1      | Reached XP level 2. HP: 19/19 MP: 3/5
  1878 | D:2      | Reached skill level 5 in Necromancy
  1878 | D:2      | Reached XP level 3. HP: 17/24 MP: 0/6
  3321 | D:2      | Reached XP level 4. HP: 20/30 MP: 1/7
  3738 | D:2      | Learned a level 3 spell: Vampiric Draining
  3989 | D:3      | Reached skill level 6 in Necromancy
  4391 | D:3      | Found an iron altar of Okawaru.
  4553 | D:4      | Reached XP level 5. HP: 22/35 MP: 5/9
  5255 | D:4      | Learned a level 4 spell: Animate Dead
  5284 | D:4      | Noticed an ogre
  5291 | D:4      | Slain by an ogre

Action                   |  1- 3 |  4- 6 || total
-------------------------+-------+-------++-------
Melee: Unarmed           |    25 |       ||    25
       Dagger            |    35 |    18 ||    53
       Short sword       |       |    40 ||    40
 Cast: Pain              |    85 |    73 ||   158
       Animate Skeleton  |    13 |       ||    13
       Vampiric Draining |       |     2 ||     2
  Use: Scroll            |     4 |     2 ||     6
